 Dungeon Crawl Stone Soup version 0.28.0-53-g5a82cb258f (webtiles) character file.

Game seed: 416830121239502921

361 DildoBatman the Conjurer (level 6, 0/48 HPs)
             Began as a Formicid Conjurer on July 7, 2022.
             Slain by a ball python (1 damage)
             ... in a sewer.
             The game lasted 00:07:12 (1817 turns).

DildoBatman the Conjurer (Formicid Conjurer)        Turns: 1817, Time: 00:07:12

Health: 0/48       AC:  2    Str: 19    XL:     6   Next: 98%
Magic:  3/12       EV:  8    Int: 28    God:
Gold:   65         SH:  0    Dex:  7    Spells: 10/13 levels left

rFire   . . .      SeeInvis +   l - +2 short sword (protect)
rCold   . . .      Faith    .   (no shield)
rNeg    . . .      Spirit   .   a - +0 robe
rPois   .          Reflect  .   (helmet unavailable)
rElec   .          Harm     .   (no cloak)
rCorr   .          Rampage  .   (no gloves)
Will    .....                   (no boots)
Stlth   ++........              m - amulet "Loceaph" {RegenMP Drain Str+8 Int+4 Dex-4}
HPRegen 0.00/turn               i - +6 ring of intelligence
MPRegen 0.53/turn               (no ring)

@: lethally poisoned (0 -> -4), flying, inhibited regen, constricted
A: permanent stasis, dig shafts and tunnels, antennae 3, four strong arms,
robust 1, inhibited regeneration, MP-powered wands
a: Dig


You were in a sewer.
You visited 1 branch of the dungeon, and saw 3 of its levels.
You also visited: Sewer.

You collected 65 gold pieces.

Inventory:

Hand Weapons
 b - a +0 club
 e - a +0 short sword
 l - a +2 short sword of protection (weapon)
 o - a +0 flail
Missiles
 c - 74 stones
 d - 35 arrows
Armour
 a - a +0 robe (worn)
Jewellery
 i - a +6 ring of intelligence (left hand)
 m - the amulet "Loceaph" (around neck) {RegenMP Drain Str+8 Int+4 Dex-4}
   (You took it off a gnoll on level 3 of the Dungeon)

   [amulet of magic regeneration]

   It increases your rate of magic regeneration.
   Str:       It affects your strength (+8).
   Int:       It affects your intelligence (+4).
   Dex:       It affects your dexterity (-4).
   Drain:     It drains your maximum health when unequipped.
Scrolls
 g - 2 scrolls of identify {unknown}
 h - 2 scrolls of silence {unknown}
 j - a scroll of amnesia {unknown}
 p - a scroll of teleportation {unknown}
 q - a scroll of noise {unknown}
 r - a scroll of brand weapon {unknown}
 t - a scroll of magic mapping {unknown}
Potions
 f - a potion of mutation
 n - a potion of curing {unknown}
 s - a potion of cancellation {unknown}


   Skills:
 - Level 2.0 Fighting
 - Level 2.0 Armour
 - Level 1.7 Dodging
 - Level 2.4 Stealth
 * Level 4.4 Spellcasting
 * Level 5.4 Conjurations


You had 10 spell levels left.
You knew the following spells:

 Your Spells              Type           Power      Damage    Failure   Level
a - Searing Ray           Conj           72%        2d7       1%          2
c - Magic Dart            Conj           100%       1d8       1%          1

Your spell library contained the following spells:

 Spells                   Type           Power      Damage    Failure   Level
 Summon Small Mammal      Summ           24%        N/A       7%          1
 Dazzling Flash           Conj/Hex       42%        N/A       7%          3
 Call Canine Familiar     Summ           6%         N/A       22%         3
 Summon Guardian Golem    Hex/Summ       6%         N/A       22%         3
 Fulminant Prism          Conj/Hex       10%        3d9       24%         4
 Iskenderun's Mystic Bla  Conj/Tloc      21%        2d6       24%         4
 Lee's Rapid Deconstruct  Erth           3%         3d6*      89%         5


Dungeon Overview and Level Annotations

Branches:
Dungeon (3/15)              Sewer (1/1)

Altars:

Annotations:
D:1 exclusions: 2 giant cockroaches and 2 sensed monsters (detected)


Innate Abilities, Weirdness & Mutations

You cannot be hasted, slowed, berserked, paralysed or teleported.
You can dig through walls and to a lower floor.
You have a pair of large antennae on your head. (SInv)
Your four strong arms can wield two-handed weapons with a shield.
You are robust. (+10% HP)
You do not regenerate when monsters are visible.
You expend magic power (3 MP) to strengthen your wands.


Message History

The adder barely misses you. The ball python bites you.
The ball python closely misses you. The adder bites you.
You are poisoned.
The adder poisons you!
Casting: Searing Ray (safe; 1% risk of failure)
Confirm with . or Enter, or press ? or * to list all spells.
Restarting spell: Searing Ray (safe; 1% risk of failure)
Press: ? - help, Shift-Dir - straight line, f - adder
Aim: an adder (water, 68% to hit)
The searing ray hits the adder!
You kill the adder! (Press . to maintain the ray.)
You feel sick. The ball python misses you. The ball python grabs you.
The ball python constricts you. The adder bites you.
The ball python barely misses you.
It was a potion of mutation.
You feel extremely strange.
You feel your magical essence link to the dungeon's wands.
Your regeneration stops near monsters.
You feel robust.
You feel sick. The ball python bites you. The ball python constricts you.
The adder closely misses you. The ball python closely misses you.
The frilled lizard barely misses you. The ball python bites you.
The ball python constricts you.
It was a potion of flight.
You feel very buoyant.
You fly up into the air.
You feel sick. The adder bites you. The ball python bites you.
You die...

≈≈.≈.#
##.≈.≈.#
≈≈≈≈≈#
#≈≈≈≈≈≈#
≈≈≈≈≈#
#≈≈≈≈≈≈#
≈≈≈≈≈#
#≈≈≈≈≈≈#
≈≈≈≈≈#
#≈≈≈≈≈≈#
≈≈≈≈≈#
#≈≈≈≈≈≈#
≈≈≈≈≈#
#≈≈≈≈≈≈#
≈≈≈≈≈#
#≈≈≈SSl#
≈...≈#
#≈≈≈≈@S#
≈...≈#
#≈≈≈≈≈≈#
≈≈≈≈≈#
#≈≈≈≈≈≈#
≈≈≈≈≈#
#≈≈≈≈≈≈#
≈≈≈≈≈#
#≈≈≈≈≈≈#
≈≈≈†≈#
#≈≈≈≈≈≈#
≈≈≈≈≈#
#≈≈≈≈≈≈#
≈≈≈≈≈#
#####≈≈≈≈≈≈#
≈≈.≈.#
#..##..≈≈≈.#


You could see an adder, 2 ball pythons and a frilled lizard.

Vanquished Creatures
  2 bullfrogs (Sewer)
  3 gnolls (D:3)
  6 river rats (Sewer)
  7 adders
  2 worms (D:3)
  A dart slug (D:1)
  19 ball pythons
  9 bats
  2 endoplasms
  3 giant cockroaches
  6 goblins
  5 hobgoblins
  4 jackals (D:2)
  4 kobolds
  2 quokkas
  3 frilled lizards
  20 rats
98 creatures vanquished.

Notes
Turn   | Place    | Note
-------+----------+-------------------------------------------
     0 | D:1      | DildoBatman the Formicid Conjurer began the quest for the
                  | Orb.
     0 | D:1      | Reached XP level 1. HP: 13/13 MP: 3/3
   108 | D:1      | Reached XP level 2. HP: 16/19 MP: 1/5
   109 | D:1      | Reached skill level 4 in Conjurations
   112 | D:1      | Learned a level 2 spell: Searing Ray
   401 | D:1      | Reached XP level 3. HP: 22/25 MP: 3/6
   502 | D:1      | Reached skill level 1 in Fighting
   647 | D:1      | Reached skill level 1 in Armour
   742 | D:2      | Found a faded altar of an unknown god.
  1165 | D:2      | Reached XP level 4. HP: 27/32 MP: 4/7
  1418 | D:3      | Found a glowing drain.
  1499 | D:3      | Identified the amulet "Loceaph" {RegenMP Drain Str+8 Int+4
                  | Dex-4}
  1515 | D:3      | Reached XP level 5. HP: 27/37 MP: 3/9
  1593 | Sewer    | Entered a sewer
  1694 | Sewer    | Reached XP level 6. HP: 20/44 MP: 5/11
  1807 | Sewer    | Reached skill level 5 in Conjurations
  1816 | Sewer    | Gained mutation: You expend magic power (3 MP) to
                  | strengthen your wands. [potion of mutation]
  1816 | Sewer    | Gained mutation: You do not regenerate when monsters are
                  | visible. [potion of mutation]
  1816 | Sewer    | Gained mutation: You are robust. (+10% HP) [potion of
                  | mutation]
  1817 | Sewer    | HP: 1/48 [adder (5)]
  1817 | Sewer    | Slain by a ball python

Illustrated notes

Levels and vault maps discovered:
D:1:      dpeg_arrival_subterranean_lakeside_camping, layout_loops_ring,
          chequers_serial_rivers_micro_c, minmay_worlds_worst_comb
D:2:      layout_basic, basic_ecumenical_altar, kennysheep_donut
D:3:      layout_basic, gup_sewer_entry_bowl, lemuel_flame_loot_1
Sewer:    sewer_minmay_w

Skill      XL: |  1  2  3  4  5  6 |
---------------+-------------------+-----
Conjurations   | 4 5 |  5.4
Fighting       | 1 2 |  2.0
Armour         | 1 2 |  2.0
Spellcasting   | 3 4 |  4.4
Dodging        | |  1.7
Stealth        | |  2.4

Action                   |  1- 3 |  4- 6 || total
-------------------------+-------+-------++-------
Melee: Club              |    10 |       ||    10
       Short sword       |    27 |    10 ||    37
       Punch             |     1 |       ||     1
 Cast: Magic Dart        |    30 |    58 ||    88
       Searing Ray       |     5 |    19 ||    24
 Abil: Dig               |       |     1 ||     1
  Use: Potion            |       |     2 ||     2
 Stab: Sleeping          |     2 |       ||     2
Armor: Robe              |    12 |     8 ||    20
Dodge: Dodged            |    39 |    34 ||    73
